 Dungeon Crawl Stone Soup version 0.21.0-3-g78d12a8 (webtiles) character file.

95 HungrySpirit the Skirmisher (level 4, -1/28 HPs)
             Began as a Gargoyle Wanderer on Jan 10, 2018.
             Slain by a hobgoblin
             ... wielding a +0 club
              (3 damage)
             ... on level 2 of the Dungeon.
             The game lasted 00:05:07 (2086 turns).

HungrySpirit the Skirmisher (Gargoyle Wanderer)     Turns: 2086, Time: 00:05:08

Health: -1/28      AC:  6    Str: 17    XL:     4   Next: 65%
Magic:  7/7        EV: 11    Int: 13    God:
Gold:   44         SH:  0    Dex:  8    Spells: 7/7 levels left

rFire    . . .     SeeInvis .   j - +3 whip
rCold    . . .     Gourm    .   (no shield)
rNeg     + . .     Faith    .   e - +0 robe
rPois    ∞         Spirit   .   g - +0 helmet
rElec    +         Reflect  .   (no cloak)
rCorr    .         Harm     .   (no gloves)
MR       .....                  (no boots)
Stlth    +.........             (no amulet)
HPRegen  0.09/turn              (no ring)
MPRegen  0.10/turn              (no ring)

@: confused
A: negative energy resistance 1, electricity resistance, unbreathing,
petrification resistance, rot immunity, AC +3
a: no special abilities


You were on level 2 of the Dungeon.
You were not hungry.

You visited 1 branch of the dungeon, and saw 3 of its levels.

You collected 44 gold pieces.

Inventory:

Hand Weapons
 a - a +0 flail
 j - a +3 whip (weapon)
Armour
 e - a +0 robe (worn)
 g - a +0 helmet (worn)
Jewellery
 k - an uncursed ring of protection from magic {unknown}
 m - an uncursed ring of see invisible {unknown}
Wands
 h - a wand of polymorph (6)
Scrolls
 b - 2 scrolls of remove curse {unknown}
 c - a scroll of magic mapping
 d - a scroll of identify
Comestibles
 f - 4 rations
 i - 2 chunks of flesh


   Skills:
 + Level 3.5 Fighting
 * Level 2.6 Maces & Flails
   Level 2.0 Bows
 - Level 1.1 Stealth
   Level 1.1 Shields
 - Level 2.0 Spellcasting
   Level 2.1 Conjurations
   Level 1.0 Hexes


You had 7 spell levels left.
You didn't know any spells.

Dungeon Overview and Level Annotations

Branches:
Dungeon (3/15)

Altars:

Annotations:
D:2 Sigmund
D:3 tidbits's ghost, weakling VSCj


Innate Abilities, Weirdness & Mutations

You are resistant to torment.
Your stone body is resilient. (AC +3)
You are immune to poison.
You resist negative energy. (rN+)
You are resistant to electric shocks. (rElec)
You can survive without breathing.
You are immune to petrification.
You are immune to rotting.


Message History

You are more confused.
The gnoll hits you from afar with a spear.
The hobgoblin hits you but does no damage.
You bump into the rock wall.
Sigmund closely misses you. The gnoll hits you but does no damage.
The hobgoblin closely misses you. The gnoll closely misses you.
The hobgoblin closely misses you.
Sigmund hits you from afar with a scythe!
* * * LOW HITPOINT WARNING * * *
You bump into the rock wall.
The gnoll hits you from afar with a spear.
* * * LOW HITPOINT WARNING * * *
The hobgoblin hits you but does no damage.
You're too confused to move!
Sigmund points at you and mumbles some strange words.
You resist with some effort. The gnoll misses you.
The hobgoblin hits you with a club.
* * * LOW HITPOINT WARNING * * *
You bump into the rock wall.
Sigmund barely misses you. The hobgoblin hits you with a club.
You die...

#.#
#...#....#........##
#.# #...###..#.#####..#
#.# #...# #..#.# #..#
#.####.(÷# #....# #..#
#........###..#.# #.##
######......g.#.#####.#
##....>g@........#
#..####g######### #..#
#@######### #..#
#....)....# #..#
#########.# #####..#
#.# #......# #.#
#.####.# #.# #.# #.##
#.# #.#
#..###########.########
#.#
##.....................


You could see Sigmund, 2 gnolls and a hobgoblin.

Vanquished Creatures
  Robin (D:2)
  A gnoll (D:2)
  An adder (D:2)
  An ooze (D:1)
  2 worms (D:2)
  A dart slug (D:1)
  A leopard gecko (D:1)
  2 giant cockroaches
  16 goblins
  7 hobgoblins
  4 kobolds (D:1)
  A ball python (D:1)
  8 bats
  3 frilled lizards
  A rat (D:1)
50 creatures vanquished.

Notes
Turn   | Place    | Note
-------+----------+-------------------------------------------
     0 | D:1      | HungrySpirit the Gargoyle Wanderer began the quest for the Orb.
     0 | D:1      | HungrySpirit set off with: a +2 shortbow, 30 arrows, Ceficek's Tome of the Compass, a scroll of teleportation, a +0 robe, a ration
     0 | D:1      | Reached XP level 1. HP: 12/12 MP: 3/3
    62 | D:1      | Reached skill level 2 in Fighting
    64 | D:1      | Reached XP level 2. HP: 17/17 MP: 5/5
   379 | D:1      | Reached XP level 3. HP: 21/22 MP: 6/6
   398 | D:1      | Reached skill level 1 in Maces & Flails
   505 | D:1      | Reached skill level 3 in Fighting
   755 | D:2      | Noticed Robin
   763 | D:2      | HP: 1/23 [goblin[Robin] (2)]
   915 | D:2      | Killed Robin
   921 | D:2      | Reached XP level 4. HP: 10/28 MP: 7/7
  1316 | D:2      | Found a faded altar of an unknown god.
  1666 | D:3      | Noticed tidbits's ghost (weakling VSCj)
  1698 | D:3      | Noticed Sigmund
  2086 | D:2      | Slain by a hobgoblin

Skill      XL: |  1  2  3 |
---------------+----------+-----
Fighting       | 2 3 |  3.5
Maces & Flails | 2 |  2.6
Bows           | |  2.0
Stealth        | |  1.1
Shields        | |  1.1
Spellcasting   | |  2.0
Conjurations   | |  2.1
Hexes          | |  1.0

Action                   |  1- 3 |  4- 6 || total
-------------------------+-------+-------++-------
Melee: Whip              |    18 |    54 ||    72
 Fire: Shortbow          |    75 |       ||    75
  Use: Scroll            |     4 |       ||     4
       Potion            |       |     1 ||     1
  Eat: Chunk             |       |     4 ||     4
Armor: Robe              |    13 |    24 ||    37
       Skin              |     4 |       ||     4
Dodge: Dodged            |    18 |    43 ||    61
